 Dungeon Crawl Stone Soup version 0.23-a0-586-gacb4b3f (webtiles) character file.

77 nikopol the Chopper (level 4, -2/41 HPs)
             Began as a Minotaur Berserker on Dec 18, 2018.
             Was a Believer of Trog.
             Slain by a gnoll (8 damage)
             ... on level 3 of the Dungeon.
             The game lasted 00:02:29 (1630 turns).

nikopol the Chopper (Minotaur Berserker)            Turns: 1630, Time: 00:02:29

Health: -2/41      AC:  2    Str: 22    XL:     4   Next: 14%
Magic:  3/3        EV: 12    Int:  4    God:    Trog [**....]
Gold:   80         SH:  0    Dex: 10    Spells: 3/3 levels left

rFire    . . .     SeeInvis .   a - +0 hand axe
rCold    . . .     Gourm    .   (no shield)
rNeg     . . .     Faith    .   b - +0 animal skin
rPois    .         Spirit   .   (helmet restricted)
rElec    .         Reflect  .   (no cloak)
rCorr    .         Harm     .   (no gloves)
MR       .....                  (no boots)
Stlth    +.........             (no amulet)
HPRegen  0.13/turn              (no ring)
MPRegen  0.08/turn              (no ring)

@: no status effects
A: retaliatory headbutt, horns 2
a: Berserk, Trog's Hand, Renounce Religion


You were on level 3 of the Dungeon.
You worshipped Trog.
Trog was pleased with you.
You were not hungry.

You visited 1 branch of the dungeon, and saw 3 of its levels.

You collected 80 gold pieces.

Inventory:

Hand Weapons
 a - a +0 hand axe (weapon)
Missiles
 h - 49 arrows
Armour
 b - a +0 animal skin (worn)
Jewellery
 o - an uncursed ring of positive energy {unknown}
Wands
 j - a wand of paralysis (11)
 k - a wand of disintegration (14)
Scrolls
 e - 2 scrolls of teleportation {unknown}
 f - a scroll of enchant armour {unknown}
 i - a scroll of identify {unknown}
 n - a scroll of remove curse {unknown}
 q - a scroll of immolation {unknown}
Potions
 d - a potion of berserk rage {unknown}
 g - a potion of heal wounds
 l - a potion of magic {unknown}
 m - a potion of degeneration {unknown}
 p - a potion of experience {unknown}
Comestibles
 c - 4 rations
 r - a chunk of flesh


   Skills:
 + Level 4.5 Fighting
 + Level 4.9 Axes
 + Level 2.5 Armour
 + Level 2.9 Dodging
 + Level 0.1 Stealth


You had 3 spell levels left.
You didn't know any spells.
Your spell library was empty.

Dungeon Overview and Level Annotations

Branches:
Dungeon (3/15)

Altars:
Ashenzari


Innate Abilities, Weirdness & Mutations

You reflexively headbutt those who attack you in melee.
You have a pair of horns on your head.


Message History

You hit the gnoll.
You headbutt the gnoll, but do no damage.
The gnoll is moderately wounded.
The gnoll hits you with a +0 spear.
You closely miss the gnoll.
The gnoll is moderately wounded.
You closely miss the gnoll. You hit the gnoll. The gnoll barely misses you.
You furiously retaliate!
You headbutt the gnoll!
You kill the gnoll!
Trog accepts your kill. The gnoll hits you!
* * * LOW HITPOINT WARNING * * *
You hit the gnoll but do no damage. You headbutt the gnoll!
The gnoll is heavily wounded.
The gnoll hits you.
* * * LOW HITPOINT WARNING * * *
You closely miss the gnoll. You headbutt the gnoll.
The gnoll is almost dead.
The gnoll hits you!
You die...

#.########
#.#.#
#.#.#
#.#.#
..#.#
#.#.#
#.#.#
##g#.#
#)@#.#
#.##.#
#.##.#
#.##.#
##.##.#
#.....#
#######


You could see a gnoll.

Vanquished Creatures
  2 gnolls (D:3)
  An adder (D:2)
  An ooze (D:1)
  2 dart slugs
  A leopard gecko (D:2)
  An orc (D:2)
  3 giant cockroaches
  5 goblins
  4 hobgoblins
  A ball python (D:1)
  10 bats
  3 frilled lizards
  2 kobolds
  6 rats
42 creatures vanquished.

Notes
Turn   | Place    | Note
-------+----------+-------------------------------------------
     0 | D:1      | nikopol the Minotaur Berserker began the quest for the Orb.
     0 | D:1      | Reached XP level 1. HP: 19/19 MP: 0/0
    34 | D:1      | Reached XP level 2. HP: 10/27 MP: 1/1
   804 | D:2      | Found a shattered altar of Ashenzari.
   928 | D:2      | Reached XP level 3. HP: 33/33 MP: 2/2
  1070 | D:2      | Reached ** piety under Trog
  1624 | D:3      | Reached XP level 4. HP: 26/41 MP: 3/3
  1630 | D:3      | Slain by a gnoll

Vault maps used:
D:1:      saegor_arrival_simple_a
D:2:      first_ration, minmay_hexomino_r4

Skill      XL: |  1  2 |
---------------+-------+-----
Axes           | 4 |  4.9
Fighting       | 4 |  4.5
Armour         | |  2.5
Dodging        | |  2.9
Stealth        | |  0.1

Action                   |  1- 3 |  4- 6 || total
-------------------------+-------+-------++-------
Melee: Hand axe          |    89 |     5 ||    94
       Headbutt          |     9 |     3 ||    12
Invok: Berserk           |     1 |       ||     1
  Use: Potion            |     1 |       ||     1
 Stab: Distracted        |     1 |       ||     1
  Eat: Chunk             |     3 |       ||     3
Armor: Animal skin       |    18 |       ||    18
Dodge: Dodged            |    66 |     2 ||    68

Table legend:
 A = Non-vault XP
 B = Vault XP
 C = Vault XP percentage of total XP
 D = Non-vault monster count
 E = Vault monster count
 F = Vault count percentage of total count
                 A         B        C        D         E       F
            +---------+---------+-------+---------+---------+-------
      Total |     108 |       3 |   2.7 |      40 |       2 |   4.8
            +---------+---------+-------+---------+---------+-------
        D:1 |      31 |       0 |   0.0 |      17 |       0 |   0.0
        D:2 |      43 |       3 |   6.5 |      19 |       2 |   9.5
        D:3 |      34 |       0 |   0.0 |       4 |       0 |   0.0
            +---------+---------+-------+---------+---------+-------
